 Dungeon Crawl Stone Soup version 0.31-a0-188-g5e087ee2ca (webtiles) character file.

Game seed: 7998603948125505459

698 qw the Skirmisher (level 7, -6/40 HPs)
             Began as a Deep Elf Hunter on June 22, 2023.
             Mangled by a chaos spawn (13 damage)
             ... on level 1 of the Abyss.
             The game lasted 00:01:30 (3132 turns).

qw the Skirmisher (Deep Elf Hunter)                 Turns: 3132, Time: 00:01:30

Health: -6/40      AC: 13    Str: 10    XL:     7   Next: 38%
Magic:  3/9        EV: 11    Int: 16    God:
Gold:   20         SH:  0    Dex: 18    Spells: 6/6 levels left

rFire   . . .        n - +6 sling of Turmoil {freeze, rPois rN++ Int+5}
rCold   + . .        (no shield)
rNeg    + + .        q - +6 ring mail "Tiocyorgh" {Rampage rCorr Int-3}
rPois   +            e - +0 helmet
rElec   .            b - +0 cloak
rCorr   +            (no gloves)
SInv    .            (no boots)
Will    .....        (no amulet)
Stlth   +            c - ring of protection from cold
HPRegen 0.26/turn    (no ring)
MPRegen 0.11/turn

%: rampage
@: about to teleport
A: no striking features
a: no special abilities


You were on level 1 of the Abyss.
You visited 1 branch of the dungeon, and saw 5 of its levels.
You visited the Abyss 1 time.

You collected 176 gold pieces.
You spent 156 gold pieces at shops.


   Skills:
 - Level 2.0 Fighting
 + Level 11.0 Ranged Weapons
 - Level 1.1 Armour
 - Level 3.7 Dodging
 - Level 1.2 Stealth


You had 6 spell levels left.
You didn't know any spells.
Your spell library was empty.

Inventory:

Hand Weapons
 n - the +6 sling of Turmoil (weapon) {freeze, rPois rN++ Int+5}
   (You bought it in a shop on level 4 of the Dungeon)

   Int:       It affects your intelligence (+5).
   rPois:     It protects you from poison.
   rN:        It greatly protects you from negative energy.
Armour
 b - a +0 cloak (worn)
 e - a +0 helmet (worn)
 q - the +6 ring mail "Tiocyorgh" (worn) {Rampage rCorr Int-3}
   (You found it on level 4 of the Dungeon)

   Int:       It affects your intelligence (-3).
   rCorr:     It protects you from acid and corrosion.
   Rampage:   It bestows one free step when moving towards enemies.
Jewellery
 c - a ring of protection from cold (left hand)
Scrolls
 a - a scroll of identify
 d - a scroll of revelation {unknown}
 m - 2 scrolls of brand weapon
Potions
 f - 2 potions of curing
 h - a potion of resistance
 i - a potion of invisibility {unknown}
 j - a potion of mutation {unknown}
 k - a potion of enlightenment {unknown}
 l - a potion of brilliance {unknown}
 o - a potion of lignification {unknown}
 r - a potion of might {unknown}
 s - a potion of experience {unknown}

Dungeon Overview and Level Annotations

Branches:
Dungeon (5/15)
 Temple: D:4-7

Altars:
Ashenzari
Xom

Shops:
D:4 (

Annotations:
D:5 Edmund


Message History

The sling bullet hits the chaos spawn but does no damage.
A chaos spawn is nearby!
Enter note: You shoot a sling bullet.
The sling bullet closely misses the chaos spawn.
You shoot a sling bullet. The sling bullet hits the chaos spawn.
The sling bullet freezes the chaos spawn.
The chaos spawn is lightly wounded.
Enter note: You shoot a sling bullet.
The sling bullet hits the chaos spawn.
The sling bullet freezes the chaos spawn.
The chaos spawn is moderately wounded.
You shoot a sling bullet. The sling bullet hits the chaos spawn.
The sling bullet freezes the chaos spawn.
The chaos spawn is heavily wounded.
The chaos spawn gores you but does no damage.
You shoot a sling bullet.
The sling bullet completely misses the chaos spawn.
The chaos spawn barely misses you.
You shoot a sling bullet.
The sling bullet closely misses the chaos spawn.
The chaos spawn gores you. The chaos spawn freezes you. You resist.
You shoot a sling bullet.
The sling bullet hits the chaos spawn but does no damage.
The chaos spawn is heavily wounded.
The chaos spawn gores you.
You are engulfed in flames!
You shoot a sling bullet.
The sling bullet closely misses the chaos spawn.
The chaos spawn gores you.
You shoot a sling bullet. The sling bullet hits the chaos spawn.
The sling bullet freezes the chaos spawn.
The chaos spawn is severely wounded.
The chaos spawn hits you!
You feel your power leaking away.
3132 ||| READING scroll of teleportation.
As you read the scroll of teleportation, it crumbles to dust.
You feel strangely unstable.
You feel the power of the Abyss delaying your translocation!
The chaos spawn hits you!
You die...

# # .### # ....
# # . .....
#.## ##.. . . .
.#...## . . .#
###. .#....# .
... ##### #..#
...¤#.. #...
.##.#..##4....#
.#.
#.#.#.#...@¤#
.. ..
#.#.#.#.## ....
# #..#. ### . .
.###.#...###
##.. .. .
....#..# ..
###....#.##.# .
. .##.#. . ###
##.... .. .###
#. . ###.#. .


You could see a chaos spawn.

Vanquished Creatures
  2 scorpions
  A howler monkey (D:5)
  A quasit (Abyss:1)
  A hound (D:4)
  A jelly (D:5)
  Jessica (D:2)
  4 iguanas
  5 orc wizards (D:4)
  Robin (D:3)
  6 gnolls
  2 adders
  A shadow imp (D:5)
  A dart slug (D:1)
  13 orcs
  5 ball pythons
  3 bats
  12 endoplasms
  2 giant cockroaches
  7 hobgoblins
  6 kobolds
  6 quokkas
  A frilled lizard (D:1)
  19 goblins
  4 rats
105 creatures vanquished.

Notes
Turn   | Place    | Note
-------+----------+-------------------------------------------
     0 | D:1      | qw the Deep Elf Hunter began the quest for the Orb.
     0 | D:1      | Reached XP level 1. HP: 12/12 MP: 3/3
     0 | D:1      | 0 ||| qw: Version: 0.3-a-9-g12657ce
     0 | D:1      | 0 ||| qw: Game counter: 2804
     0 | D:1      | 0 ||| qw: Always use a shield: true
     0 | D:1      | 0 ||| qw: God list: Okawaru
     0 | D:1      | 0 ||| qw: Allow faded altars: false
     0 | D:1      | 0 ||| qw: Do Orc after D:15 true
     0 | D:1      | 0 ||| qw: Do second Lair branch before Depths: true
     0 | D:1      | 0 ||| qw: Lair rune preference: random
     0 | D:1      | 0 ||| qw: Plans: Normal
     0 | D:1      | 0 ||| PLANNING D:1-11
   147 | D:1      | Reached XP level 2. HP: 16/16 MP: 4/4
   151 | D:1      | Reached skill level 6 in Ranged Weapons
   321 | D:1      | Reached XP level 3. HP: 20/20 MP: 5/5
   629 | D:1      | 629 ||| READING 2 scrolls labelled LIOR CIFAXZU.
   630 | D:1      | 630 ||| READING scroll labelled KIOB ERURUCUUC.
   635 | D:1      | 635 ||| READING scroll labelled KER DIUSTODEON.
   636 | D:1      | 636 ||| DRINKING 2 puce potions.
   637 | D:1      | 637 ||| DROPPING scroll of butterflies.
   686 | D:2      | Noticed Jessica
   688 | D:2      | Killed Jessica
   689 | D:2      | Reached skill level 7 in Ranged Weapons
   842 | D:2      | Reached XP level 4. HP: 25/25 MP: 6/6
   944 | D:2      | Noticed a scorpion
   954 | D:2      | Killed a scorpion
   955 | D:2      | Reached skill level 8 in Ranged Weapons
   955 | D:2      | Reached XP level 5. HP: 16/29 MP: 7/7
  1050 | D:2      | 1050 ||| Stepping ~*~*~tactically~*~*~ (outnumbered).
  1052 | D:2      | 1052 ||| Stepping ~*~*~tactically~*~*~ (outnumbered).
  1446 | D:2      | Reached skill level 9 in Ranged Weapons
  1543 | D:2      | 1543 ||| UPGRADING to +0 cloak.
  1548 | D:2      | 1548 ||| UPGRADING to +0 troll leather armour.
  1558 | D:2      | 1558 ||| DROPPING +0 leather armour.
  1559 | D:2      | 1559 ||| READING scroll labelled TUW WOESILIOB.
  1560 | D:2      | 1560 ||| READING scroll labelled EDEUSY FAZANUF.
  1561 | D:2      | 1561 ||| READING scroll labelled UDISEU GYSUU.
  1673 | D:3      | Noticed Robin
  1679 | D:3      | Reached skill level 3 in Dodging
  1684 | D:3      | Killed Robin
  1748 | D:3      | Found a faded altar of an unknown god.
  2083 | D:3      | Found a broken altar of Ashenzari.
  2087 | D:3      | Reached XP level 6. HP: 33/33 MP: 8/8
  2113 | D:3      | 2113 ||| UPGRADING to +0 helmet.
  2118 | D:3      | 2118 ||| UPGRADING to ring of protection from cold.
  2119 | D:3      | 2119 ||| READING scroll labelled KOAN BUWASHOHE.
  2120 | D:3      | 2120 ||| DRINKING 2 coppery potions.
  2121 | D:3      | 2121 ||| DROPPING potion of attraction.
  2223 | D:4      | Identified the +6 ring mail "Tiocyorgh" {Rampage rCorr
                  | Int-3}
  2406 | D:4      | 2406 ||| UPGRADING to +6 ring mail "Tiocyorgh" {Rampage
                  | rCorr Int-3}.
  2413 | D:4      | Reached skill level 10 in Ranged Weapons
  2423 | D:4      | 2423 ||| UPGRADING to +6 ring mail "Tiocyorgh" {Rampage
                  | rCorr Int-3}.
  2433 | D:4      | 2433 ||| DROPPING +0 troll leather armour.
  2434 | D:4      | 2434 ||| READING scroll labelled MAITSA YNUCU.
  2435 | D:4      | 2435 ||| READING scroll labelled MITAMI EFAYQENE.
  2436 | D:4      | 2436 ||| READING 2 scrolls of identify.
  2436 | D:4      | 2436 ||| IDENTIFYING silvery potion
  2438 | D:4      | 2438 ||| Stepping ~*~*~tactically~*~*~ (cloud).
  2627 | D:4      | Reached skill level 1 in Armour
  2647 | D:4      | Found Dythrin's Antique Weapon Shop.
  2654 | D:4      | 2654 ||| BUYING scorched sling (156 gold).
  2654 | D:4      | Bought a scorched sling for 156 gold pieces
  2654 | D:4      | Identified the +6 sling of Turmoil {freeze, rPois rN++
                  | Int+5} (You bought it in a shop on level 4 of the Dungeon)
  2654 | D:4      | 2654 ||| SWAPPING to +6 sling of Turmoil {freeze, rPois
                  | rN++ Int+5}.
  2655 | D:4      | 2655 ||| DROPPING +0 heavy shortbow.
  2733 | D:4      | Found a shimmering altar of Xom.
  2744 | D:4      | Reached XP level 7. HP: 40/40 MP: 9/9
  2833 | D:5      | Entered Level 5 of the Dungeon
  3063 | D:5      | Noticed Edmund
  3068 | Abyss:1  | Cast into level 1 of the Abyss (Edmund)
  3090 | Abyss:1  | Found a corrupted altar of Lugonu.
  3107 | Abyss:1  | Reached skill level 11 in Ranged Weapons
  3120 | Abyss:1  | Noticed a chaos spawn
  3131 | Abyss:1  | HP: 7/40 [chaos spawn (7)]
  3132 | Abyss:1  | 3132 ||| READING scroll of teleportation.
  3132 | Abyss:1  | Mangled by a chaos spawn

Levels and vault maps discovered:
D:1:      dpeg_arrival_fog, layout_basic, serial_park_tiny_1
D:2:      layout_loops_corners, uniq_jessica
D:3:      layout_rooms, mainiacjoe_overflow_surrounded_room,
          shapermc_ecumenical_altar_notcrosses, uniq_robin
D:4:      layout_basic, mainiacjoe_overflow_alcove_2, serial_shops, shop,
          minivault_1, minmay_a_box_with_orc_wizards_in_it
D:5:      layout_loops_ring, moated_statue, uniq_pikel, uniq_edmund
Abyss:1:  base:
D:3

Skill      XL: |  1  2  3  4  5  6  7 |
---------------+----------------------+-----
Ranged Weapons | 6 7 8 9 10 11 | 11.0
Dodging        | 3 |  3.7
Fighting       | 2 |  2.0
Armour         | 1 |  1.1
Stealth        | |  1.2

Action                     |  1- 3 |  4- 6 |  7- 9 || total
---------------------------+-------+-------+-------++-------
   Fire: Shortbow          |    68 |   131 |       ||   199
         Sling             |       |     9 |    35 ||    44
    Use: Scroll            |     3 |     7 |     1 ||    11
         Potion            |     1 |     1 |       ||     2
 Armour: Leather armour    |     1 |     4 |       ||     5
         Troll leather arm |       |    21 |       ||    21
         Ring mail         |       |     4 |     2 ||     6
  Dodge: Dodged            |     3 |    56 |     2 ||    61

Table legend:
 A = Non-vault XP
 B = Vault XP
 C = Vault XP percentage of total XP
 D = Non-vault monster count
 E = Vault monster count
 F = Vault count percentage of total count
                 A         B        C        D         E       F
            +---------+---------+-------+---------+---------+-------
      Total |     748 |     250 |  25.1 |      87 |      18 |  17.1
            +---------+---------+-------+---------+---------+-------
        D:1 |      52 |       0 |   0.0 |      29 |       0 |   0.0
        D:2 |     193 |      37 |  16.1 |      15 |       1 |   6.2
        D:3 |      67 |      36 |  35.0 |      24 |      12 |  33.3
        D:4 |     213 |     177 |  45.4 |      12 |       5 |  29.4
        D:5 |     178 |       0 |   0.0 |       6 |       0 |   0.0
    Abyss:1 |      45 |       0 |   0.0 |       1 |       0 |   0.0
            +---------+---------+-------+---------+---------+-------
